AoeStats
← nutria._.del._.monte

Arena

510146855Analyzed
1v1 RM · 3d ago on Sep 29, 2026· 21m 16s· 2 players
Game mode
Random Map
Map size
Tiny (2 player)
Population
200
Speed
Normal
Resources
Standard
Victory
Conquest
Starting age
Dark Age
Ending age
Imperial Age
RankedLock teamsTeams togetherTeam positionsShared explorationLock speedFull tech treeHidden civsTurbo modeCheats
Victory
Defeat
🇦🇷 Franks · Argentina
933
+16
🇩🇪 Goths · Germany
930
-16
NakedMike
11:34 Feudal Age
16:35 Castle Age
15:55 Forging
15:54 Horse Collar
16:06 Double-Bit Axe
19:16 Loom
nutria._.del._.monte
11:05 Feudal Age
11:48 Double-Bit Axe
12:58 Loom
17:50 Castle Age
17:56 Castle Age
19:42 Bow Saw
21:16 Scale Barding Armor
Connection lost

Rejoining the realm…

Still unreachable

The connection could not be restored.

Session expired

The server has moved on; the page needs a fresh start.